 Dungeon Crawl Stone Soup version 0.27-a0-1182-gee19b5822f (webtiles) character file.

Game seed: 6380555423043717626

37 EnegeticOcto the Sneak (level 3, -1/16 HPs)
             Began as a Vine Stalker Enchanter on May 18, 2021.
             Succumbed to a goblin's poison
             ... on level 2 of the Dungeon.
             The game lasted 00:02:40 (1950 turns).

EnegeticOcto the Sneak (Vine Stalker Enchanter)     Turns: 1950, Time: 00:02:40

Health: -1/16      AC:  2    Str: 10    XL:     3   Next: 39%
Magic:  3/7        EV: 12    Int: 15    God:
Gold:   104        SH:  0    Dex: 15    Spells: 3/6 levels left

rFire    . . .     SeeInvis .   g - +1 dagger (venom)
rCold    . . .     Faith    .   (no shield)
rNeg     . . .     Spirit   +   b - +0 robe
rPois    .         Reflect  .   (no helmet)
rElec    .         Harm     .   (no cloak)
rCorr    .         Rampage  .   (no gloves)
Will     .....                  (no boots)
Stlth    ++........             (no amulet)
HPRegen  0.05/turn              (no ring)
MPRegen  0.10/turn              (no ring)

@: lethally poisoned (-1 -> -11)
A: fangs 2, magic shield, antimagic bite, no potion heal 2
a: no special abilities


You were on level 2 of the Dungeon.
You visited 1 branch of the dungeon, and saw 2 of its levels.

You collected 104 gold pieces.

Inventory:

Hand Weapons
 g - a +1 dagger of venom (weapon)
   (You took it off a goblin on level 1 of the Dungeon)
Missiles
 c - 38 stones
 h - a throwing net {!f}
Armour
 b - a +0 robe (worn)
Scrolls
 d - a scroll of identify {unknown}
 e - a scroll of enchant armour {unknown}
 f - a scroll of holy word {unknown}


   Skills:
 + Level 2.1 Short Blades
 - Level 1.5 Dodging
 - Level 3.6 Stealth
 - Level 2.1 Spellcasting
 - Level 3.0 Hexes
 - Level 2.0 Ice Magic


You had 3 spell levels left.
You knew the following spells:

 Your Spells              Type           Power      Damage    Failure   Level
a - Corona                Hex            11%        N/A       6%          1
b - Ensorcelled Hibernat  Hex/Ice        18%        N/A       12%         2

Your spell library contained the following spells:

 Spells                   Type           Power      Damage    Failure   Level
 Confusing Touch          Hex            10%        N/A       19%         3
 Tukima's Dance           Hex            10%        N/A       19%         3
 Dazzling Flash           Conj/Hex       12%        N/A       34%         3


Dungeon Overview and Level Annotations

Branches:
Dungeon (2/15)

Altars:


Innate Abilities, Weirdness & Mutations

You have extremely sharp teeth.
When hurt, damage is shared between your health and your magic reserves.
Your bite disrupts and absorbs the magic of your enemies.
Potions cannot restore your health.


Message History

No target in view!
No target in view!
No target in view!
Magic restored.
HP restored.
You see here a +0 club.
c - 21 stones (gained 3)
Things that are here:
a +0 short sword; a kobold corpse
Found a leather armour.
Things that are here:
a +0 short sword; a kobold corpse
c - 38 stones (gained 17)
You open the door.
A goblin comes into view. It is wielding a +0 club.
Found a stone staircase leading down.
A goblin is nearby!
There is an open door here.
The goblin shouts!
You hit the goblin.
The goblin is moderately wounded.
The goblin hits you but does no damage.
You hit the goblin.
The goblin is poisoned.
The goblin is heavily wounded.
You kill the goblin!
Training target 2.0 for Ice Magic reached!
Your Ice Magic skill increases to level 2!
You need to enable at least one skill for training.
Found 24 sling bullets.
A rat comes into view.
A rat is nearby!
The rat bites you.
You closely miss the rat. The rat barely misses you.
You barely miss the rat. The rat barely misses you.
You hit the rat.
You kill the rat!
No target in view!
No target in view!
No target in view!
A rat comes into view.
A rat is nearby!
The rat bites you.
You hit the rat.
The rat is poisoned.
Your bite misses the rat.
The rat is moderately wounded.
The rat bites you.
You barely miss the rat. You bite the rat. You drain its power.
You feel invigorated.
The rat is severely wounded.
You kill the rat!
No target in view!
No target in view!
No target in view!
You see here a +0 spear.
There is a stone staircase leading up here.
You now have 104 gold pieces (gained 13).
A goblin comes into view. It is wielding a +0 club.
Found a stone staircase leading up.
A goblin is nearby!
A goblin comes into view.
It is wielding a +0 dagger. 3 goblins come into view.
The goblin shouts! x2; You hear a shout!
The goblin shouts!
You hear a shout!
A goblin comes into view. It is wielding a +2 dagger of venom.
You hear a shout!
The goblin shouts! x2
You hear a shout!
You barely miss the goblin. The goblin hits you with a +0 club.
You completely miss the goblin. Your bite misses the goblin.
The goblin barely misses you.
A goblin comes into view. It is wielding a +0 club.
You hit the goblin.
You kill the goblin!
You closely miss the goblin. You bite the goblin, but do no damage.
The goblin hits you with a +0 dagger.
A goblin comes into view. It is wielding a +0 dagger.
You are too injured to fight recklessly!
You are too injured to fight recklessly!
You are too injured to fight recklessly!
You are too injured to fight recklessly!
There are monsters nearby!
Press: ? - help, v - describe, . - travel
Here: a goblin, wielding a +2 dagger of venom The floor.
You hit the goblin.
The goblin is poisoned.
The goblin is moderately wounded.
You kill the goblin!
You hit the goblin.
The goblin is poisoned.
The goblin is moderately wounded.
The goblin hits you with a +2 dagger of venom.
You are lethally poisoned!
You feel very sick.
* * * LOW HITPOINT WARNING * * *
You feel sick.
Okay, then.
* * * LOW HITPOINT WARNING * * *
You feel sick.
It was a potion of curing.
Your system rejects the healing.
You feel better. The goblin closely misses you.
The goblin hits you with a +2 dagger of venom.
* * * LOW HITPOINT WARNING * * *
You are lethally poisoned!
You die...

# #...# # #...# #...# .
#...# . #...#
#...##########.#
#...gg.g.ggg...#
#####.#######.#..# +.#
#@# #.# #.# #.###.######
#.#........#
#.#<.......#
#####..........#
########................
.......#.......#########
.......#..........#


You could see a goblin (poisoned).

Vanquished Creatures
  6 ball pythons (D:1)
  An endoplasm (D:1)
  A giant cockroach (D:1)
  6 goblins
  A hobgoblin (D:2)
  7 kobolds
  A quokka (D:2)
  3 bats (D:1)
  2 frilled lizards (D:1)
  5 rats
33 creatures vanquished.

Notes
Turn   | Place    | Note
-------+----------+-------------------------------------------
     0 | D:1      | EnegeticOcto the Vine Stalker Enchanter began the quest for
                  | the Orb.
     0 | D:1      | Reached XP level 1. HP: 9/9 MP: 4/4
    19 | D:1      | Reached skill level 1 in Short Blades
   369 | D:1      | You fall into a shaft and drop 1 floor!
   377 | D:2      | Reached XP level 2. HP: 10/13 MP: 3/6
   443 | D:2      | Learned a level 2 spell: Ensorcelled Hibernation
   549 | D:1      | Reached skill level 2 in Short Blades
   763 | D:1      | Reached skill level 1 in Ice Magic
  1047 | D:1      | Reached XP level 3. HP: 11/16 MP: 5/7
  1831 | D:2      | Reached skill level 2 in Ice Magic
  1950 | D:2      | Succumbed to a goblin's poison

Illustrated notes

Levels and vault maps discovered:
D:1:      roderic_chinese_lattice_arrival, layout_basic
D:2:      layout_basic, hellmonk_ecumenical_altar_prayer_group, uniq_sigmund,
          uniq_robin

Skill      XL: |  1  2  3 |
---------------+----------+-----
Short Blades   | 1 2 |  2.1
Ice Magic      | 1 2 |  2.0
Dodging        | |  1.5
Stealth        | |  3.6
Spellcasting   | |  2.1
Hexes          | |  3.0

Action                   || total
-------------------------++-------
Melee: Dagger            ||    93
       Bite              ||    21
 Cast: Corona            ||     6
       Ensorcelled Hiber ||     2
  Use: Potion            ||     1
 Stab: Sleeping          ||     4
Armor: Robe              ||    11
Dodge: Dodged            ||    54

Table legend: (Time is in decaauts)
 A = Elapsed time spent in this place.
 B = Non-inter-level travel time spent in this place.
 C = Inter-level travel time spent in this place.
 D = Time resting spent in this place.
 E = Time spent auto-exploring this place.
 F = Levels seen in this place.
 G = Mean time per level.
                   A        B        C        D        E       F      G
               +--------+--------+--------+--------+--------+-----+--------+
         Total |   1942 |   1923 |     19 |    319 |   1297 |   2 |  971.0 |
       Dungeon |   1942 |   1923 |     19 |    319 |   1297 |   2 |  971.0 |
               +--------+--------+--------+--------+--------+-----+--------+

Top non-repeatable levels by time:
     D:1: 1488 daAuts
     D:2: 453 daAuts
